 Dungeon Crawl Stone Soup version 0.27.1-3-gb3d3a73c9e (webtiles) character file.

Game seed: 1358979963450383892

5 horus123 the Vexing (level 1, 0/10 HPs)
             Began as a Deep Elf Enchanter on Oct 13, 2021.
             Slain by a kobold (4 damage)
             ... on level 1 of the Dungeon.
             The game lasted 00:01:03 (416 turns).

horus123 the Vexing (Deep Elf Enchanter)             Turns: 416, Time: 00:01:04

Health: 0/10       AC:  2    Str:  5    XL:     1   Next: 66%
Magic:  6/6        EV: 12    Int: 19    God:
Gold:   34         SH:  0    Dex: 15    Spells: 5/6 levels left

rFire    . . .     SeeInvis .   c - +0 short sword (elec)
rCold    . . .     Faith    .   (no shield)
rNeg     . . .     Spirit   .   b - +0 robe
rPois    .         Reflect  .   (no helmet)
rElec    .         Harm     .   (no cloak)
rCorr    .         Rampage  .   (no gloves)
Will     .....                  (no boots)
Stlth    +++.......             e - amulet of magic regeneration
HPRegen  0.03/turn              (no ring)
MPRegen  0.35/turn              (no ring)

@: no status effects
A: no striking features
a: no special abilities


You were on level 1 of the Dungeon.
You visited 1 branch of the dungeon, and saw 1 of its levels.

You collected 34 gold pieces.

Inventory:

Hand Weapons
 a - a +1 dagger
 c - a +0 short sword of electrocution (weapon)
Armour
 b - a +0 robe (worn)
Jewellery
 e - an amulet of magic regeneration (around neck)
Scrolls
 g - a scroll of noise {unknown}
Potions
 d - a potion of attraction {unknown}
 f - a potion of curing {unknown}


   Skills:
 * Level 0.2 Fighting
 + Level 1.0 Short Blades
 + Level 2.4 Dodging
 + Level 3.9 Stealth
 * Level 3.0 Spellcasting
 + Level 4.1 Hexes


You had 5 spell levels left.
You knew the following spells:

 Your Spells              Type           Power      Damage    Failure   Level
a - Corona                Hex            20%        N/A       2%          1

Your spell library contained the following spells:

 Spells                   Type           Power      Damage    Failure   Level
 Confusing Touch          Hex            18%        N/A       9%          3
 Tukima's Dance           Hex            18%        N/A       9%          3
 Ensorcelled Hibernation  Hex/Ice        20%        N/A       10%         2
 Dazzling Flash           Conj/Hex       20%        N/A       21%         3


Dungeon Overview and Level Annotations

Branches:
Dungeon (1/15)

Altars:


Message History

You hit the bat.
The bat is heavily wounded.
The bat hits you but does no damage.
You closely miss the bat.
The bat is heavily wounded.
The bat stops glowing.
The bat closely misses you. The bat misses you. The bat barely misses you.
You closely miss the bat.
The bat is heavily wounded.
The bat barely misses you.
You closely miss the bat.
The bat is heavily wounded.
The bat closely misses you.
The bat is outlined in light.
The bat closely misses you.
You closely miss the bat.
The bat is moderately wounded.
The bat hits you but does no damage. x2
You hit the bat.
You kill the bat!
No target in view!
A kobold comes into view. It is wielding a +0 short sword.
The kobold shouts!
The kobold is outlined in light.
The kobold throws a stone.
The stone hits you.
A rat comes into view.
Found a scroll labelled LITORR XYFFE.
You barely miss the kobold.
The kobold hits you with a +0 short sword.
You barely miss the kobold.
The kobold hits you with a +0 short sword.
You are too injured to fight recklessly!
You are too injured to fight recklessly!
You are too injured to fight recklessly!
You are too injured to fight recklessly!
You hit the kobold.
The kobold is severely wounded.
The kobold completely misses you.
You barely miss the kobold.
The kobold is severely wounded.
The kobold hits you with a +0 short sword.
You die...

### #?. #.# #.#
###.###... #r#
#.......... #K#
#.#.......# #@#
#.#.#.#...## #.#
#.#.#.#..... #.#
###(#.#.#...#
#.###..........#
#............†.#
####........####.#
#....##†#.#.# #.#
#.#####...#.# #.#
# #.###.# #.#


You could see a kobold (corona) and a rat.

Vanquished Creatures
  An endoplasm (D:1)
  A hobgoblin (D:1)
  2 bats (D:1)
  A rat (D:1)
5 creatures vanquished.

Notes
Turn   | Place    | Note
-------+----------+-------------------------------------------
     0 | D:1      | horus123 the Deep Elf Enchanter began the quest for the
                  | Orb.
     0 | D:1      | Reached XP level 1. HP: 10/10 MP: 6/6
   416 | D:1      | Slain by a kobold

Illustrated notes

Levels and vault maps discovered:
D:1:      wander_arrival_desolate, layout_loops_ring, serial_shops, shop

Action                   || total
-------------------------++-------
Melee: Short sword       ||    18
       Dagger            ||    14
 Cast: Corona            ||     8
Armor: Robe              ||     7
Dodge: Dodged            ||    27
